[Event "Late-Titled-Tuesday-Blitz-April-16-2024"]
[Site "Chess.com"]
[Date "2024.04.16"]
[Round "6"]
[White "HansOnTwitch"]
[Black "LiemLe"]
[Result "0-1"]
[WhiteElo "3162"]
[BlackElo "3062"]
[TimeControl "180+1"]
[EndTime "15:02:13 PDT"]
[Termination "LiemLe won on time"]

1. e4 c5 2. Nf3 Nc6 3. Bb5 g6 4.
Bxc6 bxc6 5. O-O Bg7 6. Re1 Qc7 7. Na3 Nh6 8. d3 O-O 9. h3 f6 10. c3 Nf7 11. d4 cxd4 12. cxd4 d5 13. exd5 cxd5 14.
Nb5 Qd7 15. Nc3 Bb7 16. Na4 e5 17. Nc5 Qe7 18. Bf4 e4 19. Rc1 Rac8 20. Qb3 Ba8 21. Nd2 g5 22. Bh2 f5 23. Qa4 f4 24. Kh1 Nh6 25. Ndb3 g4 26. Rc3 Kh8 27. Qa6 Rc6 28. Qe2 Rg6 29. Nd3 gxh3 30. Nxf4 hxg2+ 31. Kg1 Rxf4 32. Bxf4 Qh4 33. Bh2 Ng4 34. Rc8+ Bf8 35. Rxf8+ Kg7 36. Qxg4 Rxg4 37. Rxa8 e3 38. Rxa7+ Kg6 0-1

[Event "Late-Titled-Tuesday-Blitz-April-16-2024"]
[Site "Chess.com"]
[Date "2024.04.16"]
[Round "6"]
[White "ellatambien"]
[Black "steepedgames"]
[Result "1-0"]
[WhiteElo "2726"]
[BlackElo "2500"]
[TimeControl "180+1"]
[EndTime "15:02:14 PDT"]
[Termination "ellatambien won by resignation"]

1. e4 e6 2. d4 d5 3. Nd2 Nf6 4. e5 Nfd7 5. f4 c5 6. Ngf3 b6 7.
c4 Nc6 8. cxd5 exd5 9. Bb5 Qc7 10. Qe2 Be7 11. e6 fxe6 12. Qxe6 Bb7 13. O-O a6 14. Bd3 Qd6 15. Qxd6 Bxd6 16. Re1+ Kd8 17. Ng5 Kc7 18. Ne6+ Kb8 19. Nf3 g6 20. f5 gxf5 21. Bxf5 Nf6 22. Bg5 Ne4 23. Bf4 Bxf4 24. Nxf4 Nxd4 25.
Nxd4 cxd4 26. Rad1 Rf8 27. g4 Nd6 28. Ne6 Rf7 29.
Nxd4 Nxf5 30. Nxf5 h5 31. Re8+ Ka7 32. Rxa8+ Kxa8 33. h3 hxg4 34. hxg4 Bc8 35. Rxd5 Bxf5 36. Rxf5 Rc7 37.
Kg2 Rc2+ 38. Rf2 Rc4 39. Kg3 b5 40. g5 b4 41. Rf4 Rc5 42. g6 Rc6 43. g7 1-0

[Event "Late-Titled-Tuesday-Blitz-April-16-2024"]
[Site "Chess.com"]
[Date "2024.04.16"]
[Round "6"]
[White "TigrVShlyape"]
[Black "Brown_Mamba24"]
[Result "1-0"]
[WhiteElo "2931"]
[BlackElo "2646"]
[TimeControl "180+1"]
[EndTime "15:02:16 PDT"]
[Termination "TigrVShlyape won by checkmate"]

1. e4 c5 2. Nf3 g6 3. c4 Nc6 4. d4 cxd4 5. Nxd4 Nf6 6. Nc3 d6 7.
Be2 Nxd4 8. Qxd4 Bg7 9. Qe3 O-O 10. O-O a5 11. Bd2 a4 12. Rab1 Be6 13. b3 axb3 14. axb3 Nd7 15. f4 Qb6 16. Qxb6 Nxb6 17. Bf3 Bd4+ 18. Kh1 Rfc8 19. e5 Rab8 20. exd6 exd6 21. Nb5 Bc5 22. Rbd1 d5 23. b4 Bf8 24. c5 Nc4 25.
Nd4 b6 26. c6 Nxd2 27. Rxd2 Bxb4 28. Re2 Re8 29. g4 Bc5 30. Nxe6 Rxe6 31. Rxe6 fxe6 32.
f5 gxf5 33. gxf5 Kf7 34. fxe6+ Kxe6 35. c7 Rc8 36. Bg4+ Kd6 37. Bxc8 Kxc7 38. Ba6 h6 39. Rf6 Be3 40. Bb5 d4 41. Kg2 Bg5 42. Re6 Be3 43.
Kf3 Bg5 44. Ke4 Be3 45. h4 Bf2 46. h5 Be3 47. Kd5 Kb7 48. Re7+ Kc8 49. Kd6 Kb8 50.
Kc6 Kc8 51. Re8# 1-0

[Event "Late-Titled-Tuesday-Blitz-April-16-2024"]
[Site "Chess.com"]
[Date "2024.04.16"]
[Round "6"]
[White "Nimrod_Veinberg"]
[Black "zverr1"]
[Result "1-0"]
[WhiteElo "2742"]
[BlackElo "2515"]
[TimeControl "180+1"]
[EndTime "15:02:17 PDT"]
[Termination "Nimrod_Veinberg won by resignation"]

1. e4 c5 2. c3 g6 3. d4 cxd4 4.
cxd4 d5 5. e5 a6 6. Nc3 Nc6 7.
h3 Bg7 8. Nf3 f6 9. exf6 Nxf6 10. Bd3 O-O 11. O-O Nh5 12. Bg5 Nf4 13. Re1 Nxd3 14.
Qxd3 Bf5 15. Qe3 Qd7 16. a3 Kh8 17. Bh6 b5 18. Bxg7+ Kxg7 19. Ne5 Nxe5 20. Qxe5+ Kf7 21. Nxd5 e6 22. Nb6 Qb7 23. Nxa8 Rxa8 24. Rac1 Rc8 25.
Rxc8 Qxc8 26. Qf4 Kg7 27. Rc1 Qa8 28. Rc7+ Kg8 29. Qe5 Qf8 30. g4 Bd3 31. Qxe6+ Kh8 32. g5 Bc4 33. Qf6+ Kg8 34. Qxf8+ Kxf8 35. Rxh7 Bf7 36.
Kh2 Kg8 37. Rxf7 Kxf7 38. Kg3 Ke6 39. Kf4 Kd5 40. h4 Kxd4 41. Kg4 Ke5 42. h5 Ke6 43. hxg6 Ke7 44. f4 a5 45. f5 b4 46. f6+ Kf8 47.
axb4 axb4 48. Kf5 b3 49. Ke6 Kg8 50. f7+ Kf8 51. g7+ Kxg7 52. Ke7 Kh7 53. f8=Q Kg6 54. Qf7+ 1-0

[Event "Late-Titled-Tuesday-Blitz-April-16-2024"]
[Site "Chess.com"]
[Date "2024.04.16"]
[Round "6"]
[White "PNEPaul"]
[Black "FMOlexandrProhorov"]
[Result "1/2-1/2"]
[WhiteElo "1868"]
[BlackElo "2281"]
[TimeControl "180+1"]
[EndTime "15:02:17 PDT"]
[Termination "Game drawn by repetition"]

1. e4 c5 2. Nf3 e6 3. d4 cxd4 4. c3 Qb6 5. cxd4 Nf6 6. Nc3 Bb4 7. Bd3 d5 8. e5 Ne4 9. O-O Bxc3 10. bxc3 Nxc3 11.
Qc2 Ne4 12. Bxe4 dxe4 13. Qxe4 Bd7 14. Ba3 Bc6 15. Qg4 g6 16. Ng5 Nd7 17. Nxe6 fxe6 18.
Qxe6+ Kd8 19. Be7+ Kc8 20. d5 Re8 21. dxc6 bxc6 22.
Rac1 c5 23. Qd5 Qb7 24. Rxc5+ Nxc5 25. Qxc5+ Qc7 26. Qd5 Rxe7 27. Qxa8+ Kd7 28. Rd1+ Ke6 29. Qd5+ Kf5 30. Qf3+ Kg5 31. Qg3+ Kh6 32. Qf4+ Kg7 33. Qf6+ Kh6 34. Qh4+ Kg7 35. Qf6+ Kh6 36. Qh4+ Kg7 37. Qf6+ 1/2-1/2

[Event "Late-Titled-Tuesday-Blitz-April-16-2024"]
[Site "Chess.com"]
[Date "2024.04.16"]
[Round "6"]
[White "Bykov_Egor"]
[Black "temus_galaktionov"]
[Result "0-1"]
[WhiteElo "2608"]
[BlackElo "2873"]
[TimeControl "180+1"]
[EndTime "15:02:18 PDT"]
[Termination "temus_galaktionov won on time"]

1. d4 c6 2. c4 d6 3. Nf3 g6 4. Nc3 Bg7 5. e4 Nd7 6. Be2 e5 7. Be3 Ngf6 8. O-O Qe7 9. dxe5 dxe5 10. Qd2 O-O 11. Rfd1 Nc5 12. Qc2 Nh5 13. b4 Ne6 14. c5 a5 15. b5 Nhf4 16. Bf1 Nxc5 17. Nd5 cxd5 18. Bxc5 Qc7 19. b6 Qc6 20. Rac1 Rd8 21.
g3 Bg4 22. Qb3 a4 23. Qa3 Bxf3 24. Qxf3 dxe4 25. Qe3 Rxd1 26. Rxd1 Ne6 27. Ba3 Nd4 28. Bg2 Nf3+ 29. Bxf3 exf3 30. h4 e4 0-1

[Event "Late-Titled-Tuesday-Blitz-April-16-2024"]
[Site "Chess.com"]
[Date "2024.04.16"]
[Round "6"]
[White "Boorchess"]
[Black "trriinu"]
[Result "1-0"]
[WhiteElo "2490"]
[BlackElo "2255"]
[TimeControl "180+1"]
[EndTime "15:02:18 PDT"]
[Termination "Boorchess won on time"]

1. d4 g6 2. Nf3 Bg7 3. Bg5 d6 4. e3 Nf6 5. Nbd2 O-O 6. Bd3 Nbd7 7. O-O c5 8. c3 a6 9. a4 Rb8 10. a5 h6 11. Bh4 d5 12. Bg3 Ra8 13. Ne5 c4 14.
Bc2 Nh5 15. Nef3 Nxg3 16. hxg3 b5 17. axb6 Qxb6 18. b3 cxb3 19. Bxb3 e6 20. c4 Bb7 21. c5 Qc7 22. Rb1 Bc6 23. Ba4 Rfb8 24. Qc2 e5 25. Rfc1 f5 26. Bxc6 Qxc6 27. Qa2 g5 28.
Nb3 g4 29. Nh4 f4 30. Na5 Qe6 31. c6 Nf6 32. c7 Rc8 33. Rc6 Qe7 34. Ng6 Qe8 35.
dxe5 1-0

[Event "Late-Titled-Tuesday-Blitz-April-16-2024"]
[Site "Chess.com"]
[Date "2024.04.16"]
[Round "6"]
[White "expii"]
[Black "protectiago"]
[Result "0-1"]
[WhiteElo "2202"]
[BlackElo "2043"]
[TimeControl "180+1"]
[EndTime "15:02:18 PDT"]
[Termination "protectiago won on time"]

1. e4 e5 2. Nf3 Nc6 3. Bb5 a6 4.
Ba4 Nf6 5. d4 b5 6. dxe5 bxa4 7.
exf6 Qxf6 8. Nc3 Bb4 9. Bd2 O-O 10. O-O Qg6 11. Nxa4 Qxe4 12. Re1 Qg4 13. h3 Qg6 14.
Bxb4 Nxb4 15. Nd4 Bb7 16. f3 Nc6 17. Nxc6 Bxc6 18. Nc3 Rab8 19. Rb1 Rb4 20. Qd3 Qf6 21. Ne4 Bxe4 22. Rxe4 Rxb2 23. Rxb2 Qxb2 24. Qc4 c6 25. Qd4 Qxd4+ 26. Rxd4 d5 27. c4 Rd8 28. Kf2 Kf8 29. Ke3 Ke7 30. cxd5 Rxd5 31. Ra4 a5 0-1

[Event "Late-Titled-Tuesday-Blitz-April-16-2024"]
[Site "Chess.com"]
[Date "2024.04.16"]
[Round "6"]
[White "BogdanDeac"]
[Black "GlavkonVVS"]
[Result "1-0"]
[WhiteElo "2989"]
[BlackElo "2604"]
[TimeControl "180+1"]
[EndTime "15:02:19 PDT"]
[Termination "BogdanDeac won by resignation"]

1. e4 Nf6 2. e5 Nd5 3. d4 d6 4.
Nf3 Bg4 5. Be2 e6 6. O-O Be7 7.
c4 Nb6 8. exd6 cxd6 9. Nc3 O-O 10. Be3 d5 11. c5 Bxf3 12. Bxf3 Nc8 13. b4 Nc6 14. b5 Na5 15. Be2 Bf6 16. Rc1 Ne7 17.
Bd3 g6 18. Ne2 Bg7 19. Bd2 Nc4 20. Bxc4 dxc4 21. Rxc4 Qd5 22. Qb3 e5 23. Ra4 exd4 24. Qxd5 Nxd5 25. Nxd4 Rfd8 26. Nb3 b6 27. Rc4 Nc7 28.
cxb6 Nxb5 29. b7 Rab8 30. Ba5 Nd6 31. Rc6 Nxb7 32. Bxd8 Nxd8 33. Ra6 Rb7 34. Rc1 Kf8 35. Rc8 Ke7 36. Ra8 Bd4 37. Rxd8 Kxd8 38. Rd6+ Rd7 39. Rxd4 Rxd4 40. Nxd4 Kd7 41. Kf1 a5 42. Ke2 Kd6 43. Kd3 Kc5 44. a3 a4 45. Ne2 f5 46. Nc3 1-0

[Event "Late-Titled-Tuesday-Blitz-April-16-2024"]
[Site "Chess.com"]
[Date "2024.04.16"]
[Round "6"]
[White "kingofthenil"]
[Black "2Coaches1Profile"]
[Result "1-0"]
[WhiteElo "2796"]
[BlackElo "2571"]
[TimeControl "180+1"]
[EndTime "15:02:20 PDT"]
[Termination "kingofthenil won by resignation"]

1. e4 g6 2. d4 Bg7 3. Nc3 a6 4. h4 h6 5. h5 g5 6. f4 gxf4 7.
Bxf4 b5 8. Qd2 Bb7 9. O-O-O b4 10. Nd5 Bxd5 11. exd5 Nf6 12. Bc4 d6 13. Qxb4 Nbd7 14.
Ne2 Nb6 15. Ng3 Nfxd5 16. Bxd5 Nxd5 17. Qd2 Qd7 18. Rhf1 Rb8 19. a3 Qb5 20. c3 Qb3 21. Nf5 Bf6 22. Qc2 Nxf4 23. Rxf4 Bg5 24.
Qxb3 Rxb3 25. Kc2 Rxb2+ 26. Kxb2 Bxf4 27. Rf1 Bg5 28. Ng7+ Kd7 29. Rxf7 Bf6 30. d5 Rh7 31. Rxf6 exf6 32. Nf5 c6 33. c4 Rh8 34. g4 cxd5 35. cxd5 Re8 36. Nxh6 Re5 37. Ng8 Rxd5 38. Nxf6+ Ke6 39.
Nxd5 Kxd5 40. h6 Ke6 41. h7 1-0

[Event "Late-Titled-Tuesday-Blitz-April-16-2024"]
[Site "Chess.com"]
[Date "2024.04.16"]
[Round "6"]
[White "szachmistrz2500"]
[Black "Alphafischer2019"]
[Result "1-0"]
[WhiteElo "2460"]
[BlackElo "2710"]
[TimeControl "180+1"]
[EndTime "15:02:21 PDT"]
[Termination "szachmistrz2500 won by resignation"]

1. d4 Nf6 2. c4 c5 3. d5 e5 4.
Nc3 d6 5. e4 g6 6. Bd3 Bg7 7.
Nge2 O-O 8. O-O Nbd7 9. Ng3 a6 10.
a3 b6 11. b4 h5 12. Bg5 Qe8 13. Qd2 Nh7 14. Bh6 Bxh6 15. Qxh6 Qe7 16. Rab1 Qg5 17. Qxg5 Nxg5 18. h4 Nh7 19. Nge2 f5 20. f4 exf4 21.
exf5 Ne5 22. fxg6 Nxd3 23. gxh7+ Kxh7 24. bxc5 bxc5 25. Ne4 Bg4 26. Rb7+ Kg6 27. N2c3 Rad8 28. Rb6 Ne5 29. Nxd6 Rf6 30. Nce4 Be2 31. Nxf6 Bxf1 32.
Nfe4 Bd3 33. Nb7+ Kf5 34. Nxd8 Kxe4 35. Ne6 Nxc4 36. Rxa6 Be2 37. d6 Ne5 38. Nxc5+ Kd5 39. Ra5 Nc6 40. d7 Kd6 41. Ra8 Ke7 42. Re8+ Kd6 43.
Rxe2 Kxc5 44. Re8 1-0

[Event "Late-Titled-Tuesday-Blitz-April-16-2024"]
[Site "Chess.com"]
[Date "2024.04.16"]
[Round "6"]
[White "only_strong_moves"]
[Black "masterofpuppets2"]
[Result "1-0"]
[WhiteElo "2676"]
[BlackElo "2489"]
[TimeControl "180+1"]
[EndTime "15:02:24 PDT"]
[Termination "only_strong_moves won on time"]

1. d4 d5 2. c4 e6 3. Nf3 c5 4. cxd5 exd5 5. Nc3 Nf6 6. Bf4 Nc6 7. e3 a6 8. Rc1 c4 9. Be2 Bb4 10. O-O O-O 11. Bg5 Be6 12. Ne5 h6 13. Nxc6 bxc6 14.
Bh4 Bxc3 15. Rxc3 g5 16. Bg3 Ne4 17. Rc1 Nxg3 18. hxg3 Qa5 19. b3 Qxa2 20. bxc4 dxc4 21. Bf3 Rac8 22. Be4 Rfd8 23. Qh5 Kg7 24. f4 Qd2 25.
Rce1 gxf4 26. Re2 Qb4 27. Rxf4 Qe7 28. Ref2 Rf8 29. Qe5+ Kg8 30. Rg4+ Bxg4 31. Qxe7 Rce8 32. Bh7+ Kxh7 33. Rxf7+ 1-0

[Event "Late-Titled-Tuesday-Blitz-April-16-2024"]
[Site "Chess.com"]
[Date "2024.04.16"]
[Round "6"]
[White "youngdinousaur"]
[Black "StopLookingAtMyProfile"]
[Result "0-1"]
[WhiteElo "2228"]
[BlackElo "2342"]
[TimeControl "180+1"]
[EndTime "15:02:24 PDT"]
[Termination "StopLookingAtMyProfile won by checkmate"]

1. d4 Nf6 2. Bg5 c5 3. d5 d6 4. Nc3 h6 5. Bxf6 exf6 6. e4 g6 7. Bd3 Bg7 8. Nf3 Nd7 9. O-O Ne5 10. Nxe5 fxe5 11. Kh1 O-O 12. a4 f5 13. a5 a6 14.
Qd2 f4 15. Na4 g5 16. Nb6 Rb8 17. f3 g4 18. b4 g3 19. Nxc8 Rxc8 20. h3 Rf7 21.
Rfb1 c4 22. Be2 Qd7 23. Qc3 Qb5 24. Qa3 Rfc7 25. Qa4 Qxa4 26. Rxa4 Bf8 27. c3 Rb8 28. Kg1 b5 29. axb6 Rxb6 30. Rba1 Ra7 31. Ra5 Be7 32.
Bxc4 Rc7 33. Bf1 Rxc3 34. Rxa6 Rxb4 35. Ra7 Kf7 36. Rd7 Ke8 37. Raa7 Bd8 38. Rh7 Bb6+ 39. Kh1 Bxa7 40. Rxa7 Rb1 41. Kg1 Rcc1 42. Ra8+ Ke7 43.
Ra7+ Kf6 44. Ra8 Rxf1# 0-1

[Event "Late-Titled-Tuesday-Blitz-April-16-2024"]
[Site "Chess.com"]
[Date "2024.04.16"]
[Round "6"]
[White "pirulillo"]
[Black "Agustin_Meza"]
[Result "1-0"]
[WhiteElo "2339"]
[BlackElo "2204"]
[TimeControl "180+1"]
[EndTime "15:02:24 PDT"]
[Termination "pirulillo won on time"]

1. e4 c5 2. Nf3 Nc6 3. b4 cxb4 4. d4 d5 5. exd5 Qxd5 6. c4 bxc3 7. Nxc3 Qd8 8. d5 Nb8 9. Bf4 e6 10. Rc1 Nf6 11. Bb5+ Bd7 12. O-O Be7 13. d6 Bf8 14. Qa4 Nc6 15. Rfe1 g6 16. Bg5 Bg7 17. Nd5 O-O 18. Bxc6 Bxc6 19. Ne7+ Kh8 20. Nxc6 bxc6 21. Rxc6 Qd7 22. Ne5 Qb7 23. Rc7 Qd5 24. Qh4 Ne4 25.
Qxe4 Qxd6 26. Nxf7+ Rxf7 27. Rxf7 Rc8 28. g3 Qb4 29.
Qxe6 1-0

[Event "Late-Titled-Tuesday-Blitz-April-16-2024"]
[Site "Chess.com"]
[Date "2024.04.16"]
[Round "6"]
[White "zacachess"]
[Black "giovannibrandao7"]
[Result "1-0"]
[WhiteElo "2358"]
[BlackElo "2228"]
[TimeControl "180+1"]
[EndTime "15:02:25 PDT"]
[Termination "zacachess won by resignation"]

1. e4 c5 2. Nf3 d6 3. Bb5+ Bd7 4.
Bxd7+ Qxd7 5. c4 Nc6 6. Nc3 g6 7. d4 cxd4 8. Nxd4 Bg7 9. Be3 Nf6 10. f3 O-O 11. O-O Rac8 12. b3 Rfd8 13. Qd2 e6 14. Rad1 d5 15. cxd5 exd5 16. Nxc6 bxc6 17. e5 Ne8 18. f4 f6 19. Ne4 fxe5 20. fxe5 Bxe5 21. Bg5 Nd6 22. Nc5 Qg4 23. Bxd8 Rxd8 24. Rfe1 Qh5 25. g3 Nf7 26. Qe2 Qxe2 27. Rxe2 Rb8 28. Nd7 Re8 29.
Nf6+ 1-0

[Event "Late-Titled-Tuesday-Blitz-April-16-2024"]
[Site "Chess.com"]
[Date "2024.04.16"]
[Round "6"]
[White "emeli_chess"]
[Black "Rutricks"]
[Result "0-1"]
[WhiteElo "2458"]
[BlackElo "2680"]
[TimeControl "180+1"]
[EndTime "15:02:26 PDT"]
[Termination "Rutricks won by resignation"]

1. d4 g6 2. c4 Bg7 3. Nc3 d6 4. e4 Nd7 5. Be3 e5 6. d5 a5 7. f3 h5 8. Bd3 Bh6 9. Qd2 Nc5 10. Bc2 Bd7 11. Nge2 h4 12. O-O-O Qe7 13. g3 Bxe3 14. Qxe3 Nf6 15. Kb1 O-O-O 16. Nc1 Nh5 17. Rhg1 Kb8 18. Nd3 Na6 19. Ba4 f5 20. Bxd7 Qxd7 21. c5 hxg3 22. hxg3 Nxg3 23. cxd6 cxd6 24. Rxg3 f4 25. Nxf4 exf4 26.
Qxf4 Rdf8 27. Qe3 Nc5 28. Rxg6 Rh3 29. Rf1 Qc7 30. Rh6 Rg3 31. Qf2 Qg7 32. Rfh1 Rgxf3 33. Qd2 Rf2 34. Qd1 Nxe4 35. Rh7 Nxc3+ 36. Ka1 Qxh7 37. bxc3 Qxh1 0-1

[Event "Late-Titled-Tuesday-Blitz-April-16-2024"]
[Site "Chess.com"]
[Date "2024.04.16"]
[Round "6"]
[White "Nf3c5"]
[Black "sergiochess83"]
[Result "0-1"]
[WhiteElo "2649"]
[BlackElo "2948"]
[TimeControl "180+1"]
[EndTime "15:02:27 PDT"]
[Termination "sergiochess83 won on time"]

1. e4 c5 2. Nf3 d6 3. Nc3 a6 4. a4 e6 5. Bc4 Nf6 6. e5 dxe5 7. Nxe5 Qc7 8. Qe2 Bd6 9. f4 Nc6 10.
Nxc6 Qxc6 11. O-O O-O 12. d3 b6 13. b3 Bb7 14. Bb2 Rae8 15. Rae1 Nd5 16. Qg4 Nf6 17. Qg3 Bxf4 18. Rxf4 Nh5 19. Qg4 Nxf4 20. Ne4 Ng6 21. Qg5 f6 22. Qg3 b5 23. axb5 axb5 24. Bxb5 Qxb5 25. Nd6 Qc6 26. Nxe8 Rxe8 27. h4 Nxh4 28.
Bxf6 Qxg2+ 29. Qxg2 Nxg2 0-1

[Event "Late-Titled-Tuesday-Blitz-April-16-2024"]
[Site "Chess.com"]
[Date "2024.04.16"]
[Round "6"]
[White "SilverCityIndigo"]
[Black "CrushingKings"]
[Result "0-1"]
[WhiteElo "2421"]
[BlackElo "2587"]
[TimeControl "180+1"]
[EndTime "15:02:27 PDT"]
[Termination "CrushingKings won by resignation"]

1. d4 g6 2. Nf3 Bg7 3. c4 Nf6 4. b3 O-O 5. Bb2 d6 6. Nbd2 Nbd7 7. Qc2 c5 8. e3 Rb8 9. h3 a6 10. d5 b5 11. O-O-O bxc4 12. Nxc4 Nb6 13. Na5 Bd7 14.
Nc6 Bxc6 15. dxc6 Nbd5 16. a3 Qb6 17. Bc4 Qxc6 18. g4 Nb6 19. Be2 e5 20. h4 Nxg4 21. Nd4 exd4 22. Bxg4 dxe3 23. Bxg7 Kxg7 24. Qc3+ Kg8 25. h5 Nd5 26. Qb2 c4 27. hxg6 cxb3+ 28. Kb1 Nc3+ 29. Ka1 fxg6 30. Be6+ Kg7 31. Rc1 Rf6 32.
Rxc3 Qxh1+ 33. Rc1 Qxc1+ 34. Qxc1 b2+ 35. Qxb2 Rxb2 36.
Kxb2 0-1

[Event "Late-Titled-Tuesday-Blitz-April-16-2024"]
[Site "Chess.com"]
[Date "2024.04.16"]
[Round "6"]
[White "Hakiki_satranc"]
[Black "TiagoMangialardo"]
[Result "1-0"]
[WhiteElo "2423"]
[BlackElo "2065"]
[TimeControl "180+1"]
[EndTime "15:02:30 PDT"]
[Termination "Hakiki_satranc won by resignation"]

1. e4 Nf6 2. e5 Nd5 3. g3 d6 4. exd6 exd6 5. Bg2 Nb6 6. Ne2 Be7 7.
O-O O-O 8. a4 a5 9. Nbc3 d5 10. d3 c6 11. b3 Bf6 12. Bb2 Bg4 13. h3 Bh5 14. g4 Bg6 15. f4 h6 16. f5 Bh7 17. Rb1 N8d7 18. Nf4 Be5 19. Nce2 Bc7 20. Nh5 f6 21. Nef4 Qe7 22. Re1 Qd6 23. Re6 Qc5+ 24. d4 Qb4 25. c3 1-0

[Event "Late-Titled-Tuesday-Blitz-April-16-2024"]
[Site "Chess.com"]
[Date "2024.04.16"]
[Round "6"]
[White "Bryanl106"]
[Black "Itay121"]
[Result "1-0"]
[WhiteElo "2708"]
[BlackElo "2531"]
[TimeControl "180+1"]
[EndTime "15:02:31 PDT"]
[Termination "Bryanl106 won by resignation"]

1. e4 e5 2. Nf3 d5 3. exd5 Nf6 4. Nc3 Nxd5 5. Qe2 Nc6 6. d4 Bb4 7. Bd2 O-O 8. dxe5 Nxc3 9. bxc3 Ba3 10. Qe4 g6 11.
Bd3 Bf5 12. Qe2 Bg4 13. O-O Bxf3 14. gxf3 Re8 15. f4 Qh4 16. Qf3 Rad8 17. Rad1 Ne7 18.
Qg3 Qh5 19. Qg5 Qf3 20. Qg2 Qh5 21. Qxb7 Nd5 22. f3 Bc5+ 23. Kh1 Ne3 24. Bxe3 Bxe3 25. Qe4 Bb6 26. Bc4 Rxd1 27. Rxd1 Kg7 28. Rd7 Rf8 29. e6 Qc5 30. Qe5+ Qxe5 31. fxe5 Kh6 32. e7 Re8 33. Bxf7 Rb8 34. e8=Q 1-0

[Event "Late-Titled-Tuesday-Blitz-April-16-2024"]
[Site "Chess.com"]
[Date "2024.04.16"]
[Round "6"]
[White "ArchibaldCerveza29"]
[Black "Zavgorodniy_Sergiy"]
[Result "1-0"]
[WhiteElo "2380"]
[BlackElo "2609"]
[TimeControl "180+1"]
[EndTime "15:02:38 PDT"]
[Termination "ArchibaldCerveza29 won by resignation"]

1. e4 c6 2. d4 d5 3. exd5 cxd5 4.
c4 Nf6 5. Nc3 e6 6. Nf3 Be7 7.
cxd5 Nxd5 8. Bd3 Nc6 9. O-O O-O 10. Re1 Nf6 11. a3 b6 12. Bc2 Bb7 13. Qd3 g6 14. Bh6 Re8 15. Ba4 Rc8 16. Rad1 Nd5 17. Ne4 a6 18. Ne5 b5 19. Bb3 Ba8 20. Qf3 f6 21.
Nxg6 hxg6 22. Qg4 Kh7 23. Qh3 Rh8 24. Bf8+ Kg8 25. Qxe6+ Kxf8 26. Bxd5 Ne5 27. dxe5 Bxd5 28. Rxd5 Qa5 29. Qxc8+ Kf7 30. e6+ Kg7 31. Qc3 b4 32. Rxa5 1-0

[Event "Late-Titled-Tuesday-Blitz-April-16-2024"]
[Site "Chess.com"]
[Date "2024.04.16"]
[Round "6"]
[White "GMG"]
[Black "Msb2"]
[Result "0-1"]
[WhiteElo "2825"]
[BlackElo "3020"]
[TimeControl "180+1"]
[EndTime "15:02:39 PDT"]
[Termination "Msb2 won on time"]

1. Nf3 d5 2. g3 e6 3. Bg2 Nf6 4. c4 Nc6 5. d4 Bd6 6. b3 O-O 7. Bb2 dxc4 8. bxc4 e5 9. d5 Na5 10. Nxe5 Qe7 11. Qd4 Re8 12. f4 Bc5 13. Qd3 c6 14. Nc3 Ng4 15. Nxg4 Bxg4 16. e4 b5 17. cxb5 cxb5 18.
h3 Nc4 19. Bc1 Bd7 20. Kf1 Rac8 21. Bf3 b4 22. Qxc4 Bb6 23. Qe2 Rxc3 24. Kg2 Qc5 25. Bd2 Bb5 26. Qe1 Rxf3 27. Kxf3 Bd3 28. Rc1 Qd4 29.
e5 Qxd5+ 30. Kg4 Be4 31. Bxb4 Qe6+ 0-1

[Event "Late-Titled-Tuesday-Blitz-April-16-2024"]
[Site "Chess.com"]
[Date "2024.04.16"]
[Round "6"]
[White "chucksterf10"]
[Black "platy3"]
[Result "0-1"]
[WhiteElo "2579"]
[BlackElo "2882"]
[TimeControl "180+1"]
[EndTime "15:02:44 PDT"]
[Termination "platy3 won on time"]

1. d4 Nf6 2. c4 g6 3. f3 Bg7 4. e4 d6 5. Ne2 O-O 6. Be3 a6 7. Nbc3 c6 8. a4 a5 9. Qd2 Na6 10.
Bh6 Nb4 11. Bxg7 Kxg7 12. h4 h5 13. Nf4 e5 14. Nfe2 Be6 15. d5 cxd5 16. cxd5 Bd7 17. Nc1 Rc8 18. Be2 Qb6 19. Nd3 Nxd3+ 20. Bxd3 Rc7 21.
Qf2 Qb4 22. O-O Rfc8 23. f4 Ng4 24. Qd2 Qd4+ 25. Kh1 Rxc3 26. bxc3 Rxc3 27. Rad1 Bxa4 28. fxe5 Nxe5 29. Be2 Qxd2 30. Rxd2 Rc2 31. Rxc2 Bxc2 32.
Ra1 b6 33. Ra2 Bb3 34. Ra3 Bc4 35. Bxc4 Nxc4 36. Rb3 Kf6 37. Rf3+ Ke7 38. Rb3 Kf6 39. Rf3+ Ke5 40. Rxf7 a4 41. Ra7 a3 0-1

[Event "Late-Titled-Tuesday-Blitz-April-16-2024"]
[Site "Chess.com"]
[Date "2024.04.16"]
[Round "6"]
[White "MrTattaglia"]
[Black "amanmuhammethommadov"]
[Result "1-0"]
[WhiteElo "2962"]
[BlackElo "2807"]
[TimeControl "180+1"]
[EndTime "15:02:45 PDT"]
[Termination "MrTattaglia won by resignation"]

1. e4 e5 2. a3 Nf6 3. Nc3 Nc6 4. Bc4 Be7 5. d3 O-O 6. Nf3 d6 7. O-O h6 8. h3 Be6 9. Nd5 Bxd5 10. exd5 Nb8 11.
Re1 Nbd7 12. Bb3 Nb6 13. c4 Nbd7 14. d4 Re8 15. dxe5 dxe5 16. Nxe5 Nxe5 17. Rxe5 Bc5 18.
Rxe8+ Qxe8 19. Bc2 Qe5 20. Rb1 Re8 21. b4 Qe1+ 22.
Qxe1 Rxe1+ 23. Kh2 Bxf2 24. Bf4 Bg1+ 25. Kh1 Rxb1 26.
Bxb1 Bd4 27. Bxc7 Kf8 28. Bd3 b6 29. g4 Ke7 30. Kg2 Bb2 31. d6+ Ke8 32. c5 bxc5 33.
bxc5 Bxa3 34. Bb5+ Kf8 35. c6 Nd5 36. Bb8 Nf4+ 37. Kf1 Ne6 38. c7 1-0

[Event "Late-Titled-Tuesday-Blitz-April-16-2024"]
[Site "Chess.com"]
[Date "2024.04.16"]
[Round "6"]
[White "Vincefm"]
[Black "rionelG"]
[Result "1-0"]
[WhiteElo "2355"]
[BlackElo "2185"]
[TimeControl "180+1"]
[EndTime "15:02:45 PDT"]
[Termination "Vincefm won by checkmate"]

1. e4 c5 2. Nf3 d6 3. d4 cxd4 4. Nxd4 Nf6 5. Nc3 a6 6. Be3 Ng4 7. Bc1 Nf6 8. f3 e5 9. Nb3 Be6 10. Be3 Nbd7 11. Qd2 h5 12. O-O-O Rc8 13. Kb1 b5 14. g3 Nb6 15. Bd3 Nc4 16. Bxc4 bxc4 17. Nc1 Be7 18. h3 Rb8 19. g4 Qa5 20. Ka1 Qb4 21.
b3 Rc8 22. N1e2 Nd7 23. Rhg1 cxb3 24. cxb3 Nc5 25. Bxc5 Rxc5 26. gxh5 Rxh5 27. Rxg7 Kf8 28. Rdg1 Rh8 29. Qh6 Rxh6 30. Rg8# 1-0

[Event "Late-Titled-Tuesday-Blitz-April-16-2024"]
[Site "Chess.com"]
[Date "2024.04.16"]
[Round "6"]
[White "Lady_Nika"]
[Black "Hirna2005"]
[Result "0-1"]
[WhiteElo "2480"]
[BlackElo "2354"]
[TimeControl "180+1"]
[EndTime "15:02:48 PDT"]
[Termination "Hirna2005 won by resignation"]

1. e4 g6 2. d4 Bg7 3. c4 d6 4. Nc3 Nc6 5. Be3 e5 6. d5 Nce7 7. Bd3 f5 8. f3 Nf6 9. Nge2 O-O 10. Qd2 fxe4 11. Nxe4 Nf5 12. Bg5 Qe8 13. g4 Nd4 14.
Nxd4 exd4 15. Bxf6 Rxf6 16. Qe2 Rf8 17. O-O-O Qa4 18.
Kb1 Bd7 19. c5 Rae8 20. Qg2 Re5 21. cxd6 cxd6 22. Nxd6 Qb4 23. Ne4 Rxd5 24. a3 Qb6 25.
Bc4 Be6 26. Rhe1 Re5 27. Bxe6+ Rxe6 28. Ng5 Rxe1 29. Rxe1 Qa5 30. f4 Qxe1+ 31. Ka2 h6 32. Qd5+ Kh8 33. Ne6 Re8 34. Nc7 Re7 35. Qxb7 d3 36.
Qb8+ Kh7 37. Nd5 Qe6 38. Qb3 Rd7 39. Nf6+ Qxf6 40. g5 Qf7 41. gxh6 Qxb3+ 42. Kxb3 0-1